 Dungeon Crawl Stone Soup version 0.25-a0-424-g80bd347ae0 (webtiles) character file.

Game seed: 3551100996184704663, levelgen mode: deterministic

6745 Lugonue the Grappler (level 11, 0/74 HPs)
             Began as an Octopode Transmuter on Jan 22, 2020.
             Was an Elder of Sif Muna.
             Slain by a red ugly thing (14 damage)
             ... on level 11 of the Dungeon.
             The game lasted 00:55:57 (12321 turns).

Lugonue the Grappler (Octopode Transmuter)         Turns: 12321, Time: 00:55:58

Health: 0/74       AC:  1    Str: 14    XL:     11   Next: 4%
Magic:  15/21      EV: 15    Int: 15    God:    Sif Muna [****..]
Gold:   678        SH:  0    Dex: 12    Spells: 6/24 levels left

rFire    . . .     SeeInvis .     - Unarmed
rCold    . . .     Gourm    .   (no shield)
rNeg     . . .     Faith    .   (helmet restricted)
rPois    +         Spirit   .   g - amulet of magic regeneration
rElec    .         Reflect  .   u - ring of poison resistance
rCorr    +         Harm     .   n - ring of resist corrosion
MR       .....                  (no ring)
Stlth    ++++......             (no ring)
HPRegen  0.22/turn              (no ring)
MPRegen  0.42/turn              (no ring)
                                (no ring)
                                (no ring)

@: appendage, very slightly contaminated
A: almost no armour, stealthy swim, amphibious, 8 rings, constrict 8, tentacle
spike 3, camouflage 1, gelatinous body 1
a: End Transformation, Channel Magic, Forget Spell, Divine Exegesis, Renounce
Religion


You were on level 11 of the Dungeon.
You worshipped Sif Muna.
Sif Muna was greatly pleased with you.
You were not hungry.
One of your tentacles had a temporary spike.
You visited 2 branches of the dungeon, and saw 12 of its levels.
You also visited: Sewer.

You collected 678 gold pieces.

Inventory:

Hand Weapons
 q - a +2 vampiric rapier
Missiles
 b - 79 arrows
Armour
 i - a +1 buckler
Jewellery
 g - an amulet of magic regeneration (around mantle)
 n - a ring of resist corrosion (right tentacle)
 u - a ring of poison resistance (left tentacle)
Wands
 j - a wand of clouds (3)
Scrolls
 a - a scroll of enchant weapon
 d - 5 scrolls of remove curse
 e - 3 scrolls of teleportation
 h - 3 scrolls of amnesia
 k - 2 scrolls of enchant armour
 m - a scroll of identify
Potions
 f - a potion of berserk rage
 l - 2 potions of might
Comestibles
 c - 5 rations


   Skills:
 * Level 6.4 Fighting
 + Level 4.9 Dodging
 - Level 6.1 Stealth
 - Level 10.0 Unarmed Combat
 * Level 7.1 Spellcasting
 + Level 0.3 Conjurations
 + Level 0.1 Translocations
 * Level 5.9 Transmutations
 + Level 0.6 Air Magic
 - Level 3.7 Poison Magic


You had 6 spell levels left.
You knew the following spells:

 Your Spells              Type           Power        Failure   Level  Hunger
a - Beastly Appendage     Tmut           ###...       1%          1    None
b - Spider Form           Tmut/Pois      ###.......   5%          3    ##.....
c - Sticks to Snakes      Tmut           ###.....     1%          2    None
d - Blink                 Tloc           N/A          19%         2    None
e - Mephitic Cloud        Conj/Pois/Air  ##......     21%         3    ##.....
f - Conjure Flame         Conj/Fire      #.......     36%         3    ##.....
g - Ice Form              Ice/Tmut       ##......     36%         4    ####...

Your spell library contained the following spells:

 Spells                   Type           Power        Failure   Level  Hunger
 Magic Dart               Conj           #...         12%         1    None
 Call Imp                 Summ           #.......     21%         2    None
 Slow                     Hex            #.......     21%         2    None
 Blade Hands              Tmut           ###.......   30%         5    #####..
 Irradiate                Conj/Tmut      ##........   69%         5    #####..
 Hydra Form               Tmut           ###.......   86%         6    #######
 Statue Form              Tmut/Erth      ##.......    99%         6    #######
 Dragon Form              Tmut           ###.......   100%        7    #######


Dungeon Overview and Level Annotations

Branches:
Dungeon (11/15)            Temple (1/1) D:5            Lair (0/6) D:8
    Orc (0/2) D:10          Sewer (visited)

Altars:
Ashenzari
Cheibriados
Dithmenos
Elyvilon
Fedhas
Gozag
Hepliaklqana
Kikubaaqudgha
Makhleb
Nemelex Xobeh
Okawaru
Qazlal
Ru
Sif Muna
Trog
Uskayaw
Vehumet
Wu Jian
Xom
Yredelemnul
Zin
The Shining One

Annotations:
D:6 exclusion: statue
D:9 1 runed translucent door, LostGamesStreakFreak's ghost, novice MfGl
D:10 Snorg; Urug


Innate Abilities, Weirdness & Mutations

You cannot wear most types of armour.
You are very stealthy in the water. (Stealth+)
You are amphibious.
You can wear up to eight rings at the same time.
You can use your tentacles to constrict eight enemies at once.
Your skin changes colour to match your surroundings (Stealth+).
Your rubbery body absorbs attacks. (AC +1, EV +1)
One of your tentacles bears a large vicious spike.


Message History

The ball explodes into a vile cloud!
The stinking cloud engulfs the yak but does no damage.
The stinking cloud engulfs you but does no damage.
The yak seems less confused.
The yak is engulfed in noxious fumes.
The yak appears confused.
Unknown command.
You tentacle-slap the yak.
You pierce the yak, but do no damage.
Your squeeze misses the yak.
The yak is lightly wounded.
The red ugly thing is engulfed in noxious fumes.
Casting: Mephitic Cloud (safe; 21% risk of failure)
Confirm with . or Enter, or press ? or * to list all spells.
You miscast Blink.
You are very lightly contaminated with residual magic.
Nothing appears to happen.
The red ugly thing is engulfed in noxious fumes.
The red ugly thing stings you!
* * * LOW HITPOINT WARNING * * *
You are engulfed in flames!
You die...

#.# ..≈≈..# ##..≈≈..8#
#.##...≈≈..###..≈≈...##
#..##...≈≈.....≈≈...##
##..##...≈≈≈.≈≈≈...##
##..##......YW...##
##..##......Y..##
##..##8...YY8##
##..###Y°'###
##....○u@# #########


You could see a red ugly thing, 5 yaks and a hungry ghost.

Vanquished Creatures
  A troll (D:10)
  3 hippogriffs
  Eustachio (D:4)
  Sigmund (D:2)
  Grum (D:8)
  A hungry ghost (D:7)
  3 wargs (D:8)
  3 orc warriors
  2 ice beasts
  4 sky beasts
  4 phantoms
  6 ogres
  4 wolves (D:8)
  3 centaurs
  Blork the orc (D:6)
  3 bullfrogs
  A wyvern zombie (D:8)
  A gnoll sergeant (D:6)
  A wyvern skeleton (D:6)
  2 scorpions
  3 killer bees (D:8)
  4 howler monkeys
  6 crimson imps
  5 gnoll shamans
  6 hounds
  A jelly (D:10)
  6 orc wizards
  Crazy Yiuf (D:3)
  7 orc priests
  4 iguanas
  6 worker ants
  2 hound skeletons
  A howler monkey skeleton (D:7)
  33 gnolls
  14 adders
  3 shadow imps
  4 oozes
  An adder zombie (D:6)
  4 worms
  4 dart slugs
  11 leopard geckos
  23 orcs
  3 ball pythons
  6 giant cockroaches
  5 hobgoblins
  21 jackals
  5 kobolds
  3 quokkas
  18 bats
  6 frilled lizards
  8 goblins
  A leopard gecko zombie (D:8)
  7 rats
278 creatures vanquished.

Vanquished Creatures (collateral kills)
  A centaur (D:8)
  2 killer bees (D:8)
  A howler monkey (D:9)
  A centaur zombie (D:9)
  A quasit (D:9)
  2 orc wizards
  A bullfrog skeleton (D:9)
  Jessica (D:2)
  An iguana (D:9)
  A worker ant (D:9)
  A hound zombie (D:7)
  6 gnolls (D:6)
  An adder skeleton (D:8)
  2 hobgoblins (D:2)
  3 jackals (D:2)
  A rat (D:2)
26 creatures vanquished.

Vanquished Creatures (others)
  A killer bee (D:8)
  An orc (D:9)
2 creatures vanquished.

Grand Total: 306 creatures vanquished

Notes
Turn   | Place    | Note
-------+----------+-------------------------------------------
     0 | D:1      | Lugonue the Octopode Transmuter began the quest for the
                  | Orb.
     0 | D:1      | Reached XP level 1. HP: 13/13 MP: 3/3
   177 | D:1      | Reached XP level 2. HP: 16/18 MP: 5/5
   346 | D:1      | Reached XP level 3. HP: 7/23 MP: 6/6
  1237 | D:2      | Noticed Sigmund
  1284 | D:2      | Learned a level 3 spell: Spider Form
  1879 | D:2      | Reached XP level 4. HP: 24/28 MP: 7/7
  1980 | D:2      | Reached skill level 4 in Unarmed Combat
  2017 | D:2      | Reached skill level 1 in Stealth
  2063 | D:2      | Killed Sigmund
  2063 | D:2      | Reached XP level 5. HP: 7/34 MP: 5/8
  2215 | D:2      | Learned a level 2 spell: Sticks to Snakes
  2233 | D:2      | Reached XP level 6. HP: 27/39 MP: 9/9
  2306 | D:2      | Noticed Jessica
  2318 | D:2      | Killed Jessica
  2322 | D:2      | Reached skill level 5 in Unarmed Combat
  2573 | D:3      | Found an opulent altar of Gozag.
  2583 | D:3      | Found an iron altar of Okawaru.
  2631 | D:3      | Found a runed translucent door.
  2632 | D:3      | Noticed Crazy Yiuf
  2716 | D:3      | Killed Crazy Yiuf
  3206 | D:4      | Noticed Eustachio
  3228 | D:4      | Killed Eustachio
  3228 | D:4      | Reached skill level 1 in Poison Magic
  3228 | D:4      | Reached XP level 7. HP: 45/45 MP: 11/11
  3278 | D:4      | Reached skill level 6 in Unarmed Combat
  3690 | D:4      | Found a stormy altar of Qazlal.
  3690 | D:4      | Found a hide-covered altar of Uskayaw.
  4145 | D:5      | Entered Level 5 of the Dungeon
  4283 | D:5      | Found a staircase to the Ecumenical Temple.
  4292 | Temple   | Entered the Ecumenical Temple
  4457 | Temple   | Became a worshipper of Sif Muna the Loreminder
  4480 | D:5      | Found a glowing drain.
  4492 | Sewer    | Entered a sewer
  4499 | Sewer    | Reached XP level 8. HP: 52/52 MP: 8/12
  4809 | Sewer    | Reached * piety under Sif Muna
  5481 | D:5      | Reached skill level 7 in Unarmed Combat
  6123 | D:6      | Learned a level 2 spell: Blink
  6237 | D:6      | Learned a level 3 spell: Mephitic Cloud
  6265 | D:6      | Reached ** piety under Sif Muna
  6308 | D:6      | Got a pitted war axe
  6309 | D:6      | Identified the +4 war axe "Sesigyiv" {drain, +Inv rPois rN+
                  | Int-5} (You found it on level 6 of the Dungeon)
  6479 | D:6      | Reached XP level 9. HP: 27/58 MP: 9/15
  6704 | D:6      | Reached skill level 8 in Unarmed Combat
  6754 | D:6      | Reached skill level 5 in Stealth
  6954 | D:6      | Found an ornate altar of the Wu Jian Council.
  6976 | D:6      | Found Gezusk's General Store.
  7147 | D:6      | Noticed Blork the orc
  7302 | D:6      | Killed Blork the orc
  7380 | D:6      | Found a radiant altar of Vehumet.
  7399 | D:6      | Found an ornate altar of the Wu Jian Council.
  8178 | D:7      | Reached skill level 9 in Unarmed Combat
  8207 | D:7      | Reached skill level 5 in Spellcasting
  8214 | D:7      | Reached *** piety under Sif Muna
  8269 | D:7      | Learned a level 3 spell: Conjure Flame
  8293 | D:7      | Found an ancient bone altar of Kikubaaqudgha.
  8319 | D:7      | Learned a level 4 spell: Ice Form
  8950 | D:8      | Reached XP level 10. HP: 48/65 MP: 15/17
  8964 | D:8      | Reached skill level 5 in Fighting
  9410 | D:8      | Reached skill level 5 in Transmutations
  9781 | D:9      | Found a sacrificial altar of Ru.
  9926 | D:9      | Reached **** piety under Sif Muna
  9929 | D:9      | HP: 2/67 [something/puff of flame (6)]
 10237 | D:9      | Found a runed translucent door.
 10238 | D:9      | Noticed a stone giant
 10238 | D:9      | Noticed LostGamesStreakFreak's ghost (novice MfGl)
 11027 | D:8      | Found a staircase to the Lair.
 11392 | D:8      | Noticed Grum
 11403 | D:8      | Killed Grum
 11555 | D:10     | Entered Level 10 of the Dungeon
 11566 | D:10     | Reached skill level 10 in Unarmed Combat
 11624 | D:10     | Reached XP level 11. HP: 43/73 MP: 21/21
 11671 | D:10     | Noticed Snorg
 11672 | D:10     | Found a staircase to the Orcish Mines.
 11672 | D:10     | Noticed Urug
 11675 | D:10     | HP: 1/73 [orc priest/nerve-wracking pain (12)]
 12291 | D:11     | Noticed a red ugly thing
 12321 | D:11     | Slain by a red ugly thing

Levels and vault maps discovered:
D:1:      shiori_arrival_elements, layout_loops_corners, st_stairs_3
D:2:      layout_loops_cross, uniq_sigmund, uniq_jessica
D:3:      layout_rooms, grunt_temple_overflow_open, first_ration,
          uniq_crazy_yiuf_cottage
D:4:      layout_gridville, gammafunk_temple_overflow_elements, uniq_eustachio
D:5:      layout_loops_corners, minmay_temple_entry_gardened_gates,
          cheibrodos_sewer_entry_drain, nicolae_underground_beach
D:6:      lemuel_castle_with_subvaults [lemuel_castle_interior_carwin_1],
          layout_cave_pods, kennysheep_mini, vehumet_statue, basic_altar,
          serial_shops, nicolae_shop_waterfront, uniq_blork_the_orc
D:7:      layout_loops_corners, kiku_gazebo_pond_becter, st_stairs_12,
          minmay_misc_feat_tiny
D:8:      minmay_razor_zed, layout_loops_ring, erik_lair_orcish_takeover,
          uniq_grum
D:9:      layout_big_octagon, overflow_temple_1_default,
          ebering_ghost_inner_flame
D:10:     layout_loops_ring, erik_orc_4, uniq_urug, uniq_nergalle, uniq_snorg
D:11:     layout_roguey, grunt_pizzeria, kennysheep_donut
Temple:   eino_narrow_crystal_temple

Skill      XL: |  1  2  3  4  5  6  7  8  9 10 |
---------------+-------------------------------+-----
Unarmed Combat | 4 5 6 7 9 10 | 10.0
Stealth        | 2 3 4 5 6 |  6.1
Dodging        | 3 4 |  4.9
Fighting       | 2 3 4 6 |  6.4
Spellcasting   | 3 4 5 7 |  7.1
Poison Magic   | 1 2 3 |  3.7
Transmutations | 3 4 5 |  5.9
Conjurations   | |  0.3
Translocations | |  0.1
Air Magic      | |  0.6

Action                   |  1- 3 |  4- 6 |  7- 9 | 10-12 || total
-------------------------+-------+-------+-------+-------++-------
Melee: Unarmed           |    66 |    95 |   382 |   217 ||   760
       Constrict         |    16 |    15 |    53 |    14 ||    98
       Tentacles         |     7 |    11 |    43 |    15 ||    76
       Punch             |     2 |     2 |     5 |     7 ||    16
       Kick              |     8 |     3 |    25 |    20 ||    56
 Cast: Beastly Appendage |     5 |     2 |    25 |    19 ||    51
       Spider Form       |     1 |     6 |    38 |    21 ||    66
       Sticks to Snakes  |       |     6 |    39 |    43 ||    88
       Mephitic Cloud    |       |       |     1 |    13 ||    14
       Blink             |       |       |       |     8 ||     8
 Abil: End Transformatio |     1 |       |     5 |    12 ||    18
  Use: Potion            |     1 |     4 |     5 |     4 ||    14
       Scroll            |     6 |     4 |    11 |     6 ||    27
 Stab: Sleeping          |     2 |     8 |    20 |     2 ||    32
       Confused          |       |       |     2 |     3 ||     5
  Eat: Chunk             |     2 |     2 |    11 |     6 ||    21
       Ration            |       |     2 |     4 |     2 ||     8
Armor: Skin              |     8 |     8 |    23 |    10 ||    49
Dodge: Dodged            |    40 |    67 |   280 |   186 ||   573

Table legend:
 A = Non-vault XP
 B = Vault XP
 C = Vault XP percentage of total XP
 D = Non-vault monster count
 E = Vault monster count
 F = Vault count percentage of total count
                 A         B        C        D         E       F
            +---------+---------+-------+---------+---------+-------
      Total |    6175 |    3461 |  35.9 |     190 |     116 |  37.9
            +---------+---------+-------+---------+---------+-------
        D:1 |      37 |       6 |  14.0 |      18 |       3 |  14.3
        D:2 |      94 |     236 |  71.5 |      28 |       2 |   6.7
        D:3 |     146 |      41 |  21.9 |      20 |       1 |   4.8
        D:4 |     239 |     208 |  46.5 |      11 |       1 |   8.3
        D:5 |     448 |       9 |   2.0 |      12 |       3 |  20.0
        D:6 |    1218 |     797 |  39.6 |      27 |      56 |  67.5
        D:7 |     920 |      48 |   5.0 |      19 |       1 |   5.0
        D:8 |    1470 |    2029 |  58.0 |      25 |      22 |  46.8
        D:9 |    1022 |       0 |   0.0 |      20 |       0 |   0.0
       D:10 |     439 |       6 |   1.3 |       8 |       2 |  20.0
       D:11 |     142 |       0 |   0.0 |       2 |       0 |   0.0
      Sewer |       0 |      81 | 100.0 |       0 |      25 | 100.0
            +---------+---------+-------+---------+---------+-------
